 Dungeon Crawl Stone Soup version 0.28-a0-8-g6e044cfa68 (webtiles) character file.

Game seed: 5980840251702726395

169 gimp the Shooter (level 5, -10/40 HPs)
             Began as a Formicid Wanderer on July 24, 2021.
             Was an Initiate of Ru.
             Mangled by an orc warrior (25 damage)
             ... on level 12 of the Dungeon.
             The game lasted 00:09:55 (3218 turns).

gimp the Shooter (Formicid Wanderer)                Turns: 3218, Time: 00:09:55

Health: -10/40     AC:  6    Str: 23    XL:     5   Next: 79%
Magic:  8/8        EV:  9    Int: 10    God:    Ru [......]
Gold:   90         SH:  0    Dex: 12    Spells: 8/8 levels left

rFire   . . .      SeeInvis +   a - +0 whip
rCold   . . .      Faith    .   (no shield)
rNeg    . . .      Spirit   .   d - +0 scale mail
rPois   .          Reflect  .   (helmet unavailable)
rElec   .          Harm     .   (no cloak)
rCorr   .          Rampage  .   (no gloves)
Will    .....                   (no boots)
Stlth   ..........              (no amulet)
HPRegen 0.13/turn               h - +6 ring of strength
MPRegen 0.11/turn               (no ring)

@: no status effects
A: permanent stasis, dig shafts and tunnels, antennae 3, four strong arms
a: Dig, Shaft Self, Renounce Religion


You were on level 12 of the Dungeon.
You worshipped Ru.
Ru was noncommittal.
You visited 1 branch of the dungeon, and saw 8 of its levels.

You collected 134 gold pieces.
You spent 44 gold pieces at shops.

Inventory:

Hand Weapons
 a - a +0 whip (weapon)
 b - a +2 shortbow
Missiles
 e - 37 arrows
Armour
 c - a +0 ring mail
 d - a +0 scale mail (worn)
Jewellery
 f - a ring of ice
 h - a +6 ring of strength (left hand)
Scrolls
 g - a scroll of identify
 i - 2 scrolls of fog
Potions
 k - a potion of flight


   Skills:
 + Level 2.9 Fighting
 * Level 3.8 Bows
 - Level 1.0 Throwing
 - Level 3.2 Armour
 - Level 1.2 Stealth
 - Level 2.1 Spellcasting
 - Level 1.0 Fire Magic


You had 8 spell levels left.
You didn't know any spells.
Your spell library was empty.

Dungeon Overview and Level Annotations

Branches:
Dungeon (12/15)               Orc (0/2) D:12
 Temple: D:4-7         Lair: D:8-11

Altars:
Qazlal
Ru

Shops:
D:2 ?   D:12 (

Annotations:
D:2 Sigmund
D:4 Blork the orc, Menkaure


Innate Abilities, Weirdness & Mutations

You cannot be hasted, slowed, berserked, paralysed or teleported.
You can dig through walls and to a lower floor.
You have a pair of large antennae on your head. (SInv)
Your four strong arms can wield two-handed weapons with a shield.


Message History

You see here 16 stones.
Found a scroll of fog.
i - 2 scrolls of fog (gained 1)
Found 9 gold pieces.
You now have 90 gold pieces (gained 9).
Found a trident.
You see here a +0 trident.
You sense a monster nearby.
Found a +6 ring of strength.
Found 9 gold pieces.
A troll comes into view.
The troll shouts!
Okay, then.
Okay, then.
You aren't carrying any items that you can evoke.
Unknown command.
Are you sure you want to shaft yourself?
The troll bites you! The troll claws you. x2
You begin to dig a shaft.
You continue digging a shaft.
The troll bites you. The troll barely misses you. The troll closely misses you.
A shaft appears beneath you!
You fall into a shaft and drop 1 floor!
The shaft crumbles and collapses.
A basilisk, 2 orcs, 2 orc warriors and a troll come into view.
The orc warrior shouts! x2; The basilisk hisses angrily.
You hear a shout! x3
An orc knight comes into view.
It is wielding a +3 great mace of protection.
An orc comes into view. It is wielding a +0 club.
The orc throws a boomerang.
The boomerang hits you but does no damage.
Found 8 gold pieces.
Found Facu's Weapon Boutique.
Found a staircase to the Orcish Mines.
You take 25 damage, and have 15/40 hp.
MASSIVE DAMAGE!!
Unknown command.
Are you sure you want to shaft yourself?
The orc knight roars a battlecry!
The orcs go into a battle-frenzy!
You begin to dig a shaft.
You continue digging a shaft.
The orc warrior hits you with a +0 battleaxe!!
Ouch! That really hurt!
You die...

{ {
#######+##
#.....@..#
#.##..o..#
...o.oo.#
#...l....#
#.$......+
{
#...T....#
...o......#
##...>o...#


You could see an orc knight, a troll, a basilisk, 2 orc warriors and 3 orcs.

Vanquished Creatures
  A scorpion (D:4)
  An orc wizard (D:10)
  Robin (D:2)
  A worm (D:2)
  A dart slug (D:1)
  3 orcs (D:10)
  3 ball pythons (D:1)
  5 bats
  5 endoplasms
  7 goblins
  7 hobgoblins
  15 jackals
  4 kobolds
  A quokka (D:2)
  A frilled lizard (D:3)
  5 rats
61 creatures vanquished.

Notes
Turn   | Place    | Note
-------+----------+-------------------------------------------
     0 | D:1      | gimp the Formicid Wanderer began the quest for the Orb.
     0 | D:1      | gimp set off with the following items: a +2 shortbow, 25
                  | arrows, a +0 ring mail, a potion of lignification
     0 | D:1      | Reached XP level 1. HP: 13/13 MP: 3/3
    46 | D:1      | Reached XP level 2. HP: 20/20 MP: 5/5
    91 | D:1      | Reached skill level 1 in Fighting
   271 | D:1      | Reached XP level 3. HP: 26/26 MP: 6/6
  1008 | D:2      | Found Qagir's Magic Scroll Shoppe.
  1014 | D:2      | Bought a scroll of identify for 22 gold pieces
  1014 | D:2      | Bought a scroll of fog for 22 gold pieces
  1324 | D:2      | Reached XP level 4. HP: 24/33 MP: 7/7
  1471 | D:2      | Noticed Robin
  1499 | D:2      | Killed Robin
  1721 | D:2      | Found a faded altar of an unknown god.
  1769 | D:2      | Found a sacrificial altar of Ru.
  1934 | D:2      | Became a worshipper of Ru the Awakened
  2092 | D:2      | Noticed Sigmund
  2097 | D:2      | You fall into a shaft and drop 2 floors!
  2139 | D:3      | Noticed a scorpion
  2183 | D:4      | Killed a scorpion
  2184 | D:4      | Reached XP level 5. HP: 26/39 MP: 8/8
  2348 | D:4      | Noticed Menkaure
  2349 | D:4      | Noticed Blork the orc
  2352 | D:4      | You fall into a shaft and drop 3 floors!
  2493 | D:7      | Found a stormy altar of Qazlal.
  2514 | D:7      | Noticed a kobold brigand
  2529 | D:7      | Noticed a kobold brigand
  2539 | D:7      | You fall into a shaft and drop 3 floors!
  2539 | D:10     | Entered Level 10 of the Dungeon
  2847 | D:10     | Noticed a centaur warrior zombie
  2858 | D:10     | You fall into a shaft and drop 2 floors!
  3213 | D:11     | Noticed a troll
  3216 | D:11     | You fall into a shaft and drop 1 floor!
  3216 | D:12     | Found Facu's Weapon Boutique.
  3216 | D:12     | Found a staircase to the Orcish Mines.
  3216 | D:12     | Noticed an orc warrior
  3216 | D:12     | Noticed an orc warrior
  3216 | D:12     | Noticed a troll
  3216 | D:12     | Noticed a basilisk
  3216 | D:12     | Noticed an orc knight
  3218 | D:12     | Mangled by an orc warrior

Illustrated notes

Levels and vault maps discovered:
D:1:      dpeg_arrival_rooms_a, layout_basic
D:2:      layout_basic, hellmonk_ecumenical_altar_slurped_away, basic_altar,
          serial_shops, shop, uniq_robin, uniq_sigmund
D:3:      layout_basic, lemuel_doored_altar, nicolae_underground_beach
D:4:      layout_basic, uniq_pikel, uniq_blork_the_orc, uniq_menkaure
D:7:      layout_basic, mainiacjoe_overflow_chevrons,
          minmay_temple_entry_slanted, corexii_item_surrounded_by_moat,
          uniq_duvessa
D:10:     layout_basic, minmay_misc_feat_ornament
D:11:     layout_stronghold, david_lair_shrubbed, uniq_psyche
D:12:     layout_roguey, orc_david_3, serial_bayou_crossing

Skill      XL: |  1  2  3  4 |
---------------+-------------+-----
Bows           | 2 3 |  3.8
Fighting       | 1 2 |  2.9
Throwing       | |  1.0
Armour         | |  3.2
Stealth        | |  1.2
Spellcasting   | |  2.1
Fire Magic     | |  1.0

Action                   |  1- 3 |  4- 6 || total
-------------------------+-------+-------++-------
Melee: Whip              |    90 |   125 ||   215
 Fire: Shortbow          |    48 |    20 ||    68
 Abil: Dig               |     2 |     2 ||     4
       Shaft Self        |       |     6 ||     6
  Use: Scroll            |     1 |     1 ||     2
       Potion            |       |     4 ||     4
 Stab: Sleeping          |     1 |       ||     1
Armor: Ring mail         |    49 |    40 ||    89
       Skin              |       |    24 ||    24
       Scale mail        |       |     7 ||     7
Dodge: Dodged            |    75 |    63 ||   138

Table legend: (Time is in decaauts)
 A = Elapsed time spent in this place.
 B = Non-inter-level travel time spent in this place.
 C = Inter-level travel time spent in this place.
 D = Time resting spent in this place.
 E = Time spent auto-exploring this place.
 F = Levels seen in this place.
 G = Mean time per level.
                   A        B        C        D        E       F      G
               +--------+--------+--------+--------+--------+-----+--------+
         Total |   3245 |   3225 |     20 |    659 |   1710 |   8 |  405.6 |
       Dungeon |   3245 |   3225 |     20 |    659 |   1710 |   8 |  405.6 |
               +--------+--------+--------+--------+--------+-----+--------+

Top non-repeatable levels by time:
     D:2: 1103 daAuts
     D:1: 1014 daAuts
    D:10: 321 daAuts
    D:12: 281 daAuts
     D:4: 203 daAuts
     D:7: 187 daAuts
    D:11: 78 daAuts
     D:3: 55 daAuts
